 Dungeon Crawl Stone Soup version 0.19.0-2-gae57169 (webtiles) character file.

419 mopl the Caller (level 6, -5/41 HPs)
             Began as a Mummy Summoner on Nov 6, 2016.
             Shot with an arrow by a centaur (8 damage)
             ... on level 5 of the Dungeon.
             The game lasted 00:08:43 (4221 turns).

mopl the Caller (Mummy Summoner)                    Turns: 4221, Time: 00:08:45

Health: -5/41      AC:  3    Str: 11    XL:     6   Next: 62%
Magic:  6/12       EV: 14    Int: 16    God:
Gold:   164        SH:  0    Dex: 13    Spells: 4 memorised, 4 levels left

rFire  x . .     SeeInvis .     b - +0 hunting sling (curse)
rCold  + . .     Gourm    .     a - +0 robe
rNeg   + + +     Faith    .     (no shield)
rPois  ∞         Spirit   .     (no helmet)
rElec  .         Reflect  .     (no cloak)
rCorr  .         Harm     .     (no gloves)
MR     .....                    g - +0 pair of boots
Stlth  ++........               (no amulet)
                                (no ring)
                                w - +2 ring of evasion

@: no status effects
A: no food or potions, fire vulnerability, cold resistance 1, negative energy
resistance 3, torment resistance, unbreathing
a: no special abilities


You were on level 5 of the Dungeon.
You were not hungry.

You visited 2 branches of the dungeon, and saw 6 of its levels.

You collected 164 gold pieces.

Inventory:

Hand Weapons
 b - a cursed +0 hunting sling (weapon)
 c - a +0 short sword
Missiles
 j - 59 stones (quivered)
 k - 21 sling bullets
 p - 11 poisoned needles
 s - 4 tomahawks
Armour
 a - a +0 robe (worn)
 g - a +0 pair of boots (worn)
Jewellery
 v - an uncursed ring of ice
 w - a +2 ring of evasion (left hand)
Scrolls
 d - a scroll of magic mapping {unknown}
 e - 2 scrolls of remove curse {unknown}
 f - a scroll of teleportation {unknown}
 h - 5 scrolls of identify {unknown}
 l - 3 scrolls of enchant weapon {unknown}
 m - a scroll of recharging {unknown}
 n - 2 scrolls of blinking {unknown}
 o - a scroll of amnesia {unknown}
 q - a scroll of fear {unknown}
 r - 2 scrolls of noise {unknown}
 t - a scroll of fog {unknown}
Books
 i - a book of Callings

   Spells                             Type                      Level
   a - Summon Small Mammal            Summoning                    1
   b - Call Imp                       Summoning                    2
   c - Call Canine Familiar           Summoning                    3
   d - Summon Guardian Golem          Hexes/Summoning              3
   e - Summon Lightning Spire         Summoning/Air                4
   f - Summon Ice Beast               Ice/Summoning                4
 u - a book of Conjurations

   Spells                             Type                      Level
   a - Magic Dart                     Conjuration                  1
   b - Searing Ray                    Conjuration                  2
   c - Dazzling Spray                 Conjuration/Hexes            3
   d - Fulminant Prism                Conjuration/Hexes            4
   e - Iskenderun's Mystic Blast      Conjuration                  4
   f - Iskenderun's Battlesphere      Conjuration/Charms           5


   Skills:
 - Level 1.5 Dodging
 - Level 1.5 Stealth
 + Level 4.6 Spellcasting
 + Level 5.1 Summonings
 + Level 1.2 Ice Magic


You had 4 spell levels left.
You knew the following spells:

 Your Spells              Type           Power        Failure   Level  Hunger
a - Summon Small Mammal   Summ           ###.         1%          1    N/A
b - Call Imp              Summ           ###.....     3%          2    N/A
c - Call Canine Familiar  Summ           ###.....     8%          3    N/A
d - Summon Ice Beast      Ice/Summ       ##......     50%         4    N/A

Dungeon Overview and Level Annotations

Branches:
Dungeon (5/15)             Temple (1/1) D:4

Altars:
Ashenzari
Cheibriados
Dithmenos
Elyvilon
Fedhas
Gozag
Hepliaklqana
Kikubaaqudgha
Okawaru
Qazlal
Ru
Trog
Uskayaw
Vehumet
Yredelemnul
Zin


Innate Abilities, Weirdness & Mutations

You do not eat or drink.
Your flesh is vulnerable to fire.
You are immune to poison.
Your flesh is cold resistant. (rC+)
You are immune to negative energy. (rN+++)
You are immune to unholy pain and torment.
You can survive without breathing.


Message History

* * * LOW HITPOINT WARNING * * *
You swap places.
The centaur wields an uncursed shortbow.
The centaur shoots an arrow.
The arrow hits your hound!
Your hound barely misses the centaur.
Casting: Call Canine Familiar
Confirm with . or Enter, or press ? or * to list all spells.
A beastly little devil appears in a puff of frigid air.
The centaur shoots an arrow.
The arrow closely misses your hound. The arrow hits you.
* * * LOW HITPOINT WARNING * * *
Your hound barely misses the centaur.
Your hound bites the centaur.
Casting: Call Imp
Confirm with . or Enter, or press ? or * to list all spells.
A beastly little devil appears in a puff of flame.
The centaur shoots an arrow.
The arrow hits your hound!
Your hound dies!
Your hound's corpse disappears in a puff of smoke!
The centaur shoots an arrow.
The arrow hits you!
You die...

#..(...........(..>
#............?.....
#.........c........
#..............)...
#...(..............
###(###.##..######.
##c#########
#5.§.#.....# .#
#..@(#.....# ..#
#...5#..)..#...
##..## #..# #.#
..###..####..###.##
...................#
...................#
...................#
...................#
..................<#


You could see a centaur, a friendly crimson imp and a friendly white imp.

Vanquished Creatures
  A worker ant (D:4)
  2 adders (D:3)
  3 worms
  A dart slug (D:2)
  A leopard gecko (D:3)
  5 orcs (D:3)
  A ball python (D:4)
  5 giant cockroaches
  9 goblins
  3 hobgoblins
  4 jackals (D:2)
  8 bats
  2 frilled lizards
  3 kobolds
  6 rats
54 creatures vanquished.

Vanquished Creatures (collateral kills)
  The ghost of CcS the Cutter, an amateur VSBe of Trog (D:3)
  A phantom (D:5)
  A sky beast (D:3)
  A scorpion (D:4)
  An orc wizard (D:3)
  Terence (D:3)
  An iguana (D:4)
  An adder (D:3)
  An ooze (D:1)
  A worm (D:2)
  4 orcs (D:3)
  A ball python (D:1)
  A bat (D:1)
  2 goblins (D:1)
  2 hobgoblins (D:1)
  3 kobolds (D:1)
  A frilled lizard (D:1)
  A rat (D:1)
25 creatures vanquished.

Grand Total: 79 creatures vanquished

Notes
Turn   | Place    | Note
-------+----------+-------------------------------------------
     0 | D:1      | mopl the Mummy Summoner began the quest for the Orb.
     0 | D:1      | Reached XP level 1. HP: 13/13 MP: 3/3
   362 | D:1      | Reached XP level 2. HP: 12/19 MP: 1/5
   366 | D:1      | Learned a level 2 spell: Call Imp
  1333 | D:2      | Reached XP level 3. HP: 24/24 MP: 7/7
  1338 | D:2      | Learned a level 3 spell: Call Canine Familiar
  1350 | D:2      | Found an opulent altar of Gozag.
  1760 | D:2      | You fall through a shaft for 2 floors!
  1820 | D:3      | Reached skill level 3 in Spellcasting
  1834 | D:3      | Reached skill level 4 in Summonings
  1834 | D:3      | Reached XP level 4. HP: 30/30 MP: 4/8
  1853 | D:3      | Noticed CcS's ghost (amateur VSBe)
  1927 | D:4      | Found a staircase to the Ecumenical Temple.
  1995 | Temple   | Entered the Ecumenical Temple
  2157 | D:4      | Found a stormy altar of Qazlal.
  2835 | D:4      | Found a glowing silver altar of Zin.
  2835 | D:4      | Found a hide-covered altar of Uskayaw.
  2836 | D:4      | Found a radiant altar of Vehumet.
  2836 | D:4      | Found a stormy altar of Qazlal.
  2848 | D:4      | Reached XP level 5. HP: 19/35 MP: 4/10
  3457 | D:3      | Killed CcS's ghost
  3457 | D:3      | Reached skill level 4 in Spellcasting
  3506 | D:3      | Reached XP level 6. HP: 33/41 MP: 6/12
  3541 | D:3      | Learned a level 4 spell: Summon Ice Beast
  3569 | D:3      | Noticed a sky beast
  3578 | D:3      | Killed a sky beast
  3578 | D:3      | Reached skill level 5 in Summonings
  3720 | D:3      | Noticed Terence
  3735 | D:3      | Killed Terence
  3912 | D:5      | Entered Level 5 of the Dungeon
  3986 | D:5      | Reached skill level 1 in Ice Magic
  4221 | D:5      | Shot with an arrow by a centaur

Skill      XL: |  1  2  3  4  5  6 |
---------------+-------------------+-----
Spellcasting   | 3 4 |  4.6
Summonings     | 4 5 |  5.1
Ice Magic      | 1 |  1.2
Dodging        | |  1.5
Stealth        | |  1.5

Action                   |  1- 3 |  4- 6 || total
-------------------------+-------+-------++-------
Melee: Unarmed           |    12 |       ||    12
       Short sword       |    27 |       ||    27
 Fire: Hunting sling     |    48 |   161 ||   209
 Cast: Summon Small Mamm |    13 |       ||    13
       Call Imp          |     6 |    10 ||    16
       Call Canine Famil |     2 |     9 ||    11
 Stab: Sleeping          |     1 |       ||     1
Armor: Robe              |    16 |    11 ||    27
Dodge: Dodged            |    42 |    51 ||    93
